 Dungeon Crawl Stone Soup version 0.22.1-1-ga44c0e5 (webtiles) character file.

495 Irenicus the Bolt Thrower (level 6, 0/50 HPs)
             Began as a Deep Dwarf Arcane Marksman on Oct 1, 2018.
             Was an Initiate of Makhleb.
             Slain by an ice beast (12 damage)
             ... on level 7 of the Dungeon.
             The game lasted 00:25:27 (2995 turns).

Irenicus the Bolt Thrower (DDAM)                    Turns: 2995, Time: 00:25:28

Health: 0/50       AC:  7    Str: 13    XL:     6   Next: 92%
Magic:  4/4        EV: 12    Int: 16    God:    Makhleb [......]
Gold:   191        SH:  0    Dex: 13    Spells: 3/7 levels left

rFire    . . .     SeeInvis .   c - +0 club
rCold    . . .     Gourm    .   (no shield)
rNeg     . . .     Faith    .   p - +0 leather armour
rPois    .         Spirit   .   h - +0 helmet
rElec    .         Reflect  .   (no cloak)
rCorr    .         Harm     .   i - +0 pair of gloves
MR       .....                  m - +1 pair of boots
Stlth    ++........             n - amulet of regeneration {+regen, !d}
HPRegen  0.00/turn              l - ring of stealth {Stlth+}
MPRegen  0.09/turn              (no ring)

@: non-regenerating
A: damage resistance, heal wounds, sense surroundings 1, no regeneration
a: Heal Wounds, Renounce Religion


You were on level 7 of the Dungeon.
You worshipped Makhleb.
Makhleb was noncommittal.
You were hungry.

You visited 2 branches of the dungeon, and saw 6 of its levels.

You collected 191 gold pieces.

Inventory:

Hand Weapons
 a - a +1 hand crossbow
 c - a +0 club (weapon)
   (You took it off a goblin on level 1 of the Dungeon)
Missiles
 g - 64 stones (quivered)
 o - 21 sling bullets
Armour
 h - a +0 helmet (worn)
   (You found it on level 1 of the Dungeon)
 i - a +0 pair of gloves (worn)
   (You found it on level 3 of the Dungeon)
 m - a +1 pair of boots (worn)
   (You found it on level 1 of the Dungeon)
 p - a +0 leather armour (worn)
   (You found it on level 2 of the Dungeon)
Jewellery
 l - a ring of stealth (left hand) {Stlth+}
   (You found it on level 1 of the Dungeon)
 n - an amulet of regeneration (around neck) {+regen, !d}
   (You found it on level 3 of the Dungeon)
Scrolls
 r - 2 scrolls of remove curse
Potions
 k - 3 potions of curing
 s - a potion of resistance
Comestibles
 f - a ration


   Skills:
 - Level 0.8 Fighting
 + Level 6.1 Crossbows
 - Level 2.1 Dodging
 - Level 1.0 Spellcasting
 - Level 3.0 Hexes
 + Level 4.8 Translocations


You had 3 spell levels left.
You knew the following spells:

 Your Spells              Type           Power        Failure   Level  Hunger
a - Corona                Hex            ##.....      9%          1    ##.....
b - Portal Projectile     Hex/Tloc       ##....       19%         3    ####...

Your spell library contained the following spells:

 Spells                   Type           Power        Failure   Level  Hunger
 Slow                     Hex            ##......     13%         2    ###....
 Inner Flame              Hex/Fire       #.......     43%         3    ####...
 Cause Fear               Hex            ##........   63%         4    #####..
 Leda's Liquefaction      Hex/Erth       #.........   83%         4    #####..


Dungeon Overview and Level Annotations

Branches:
Dungeon (4/15)             Temple (1/1) D:4

Altars:
Cheibriados
Dithmenos
Elyvilon
Fedhas
Hepliaklqana
Kikubaaqudgha
Makhleb
Nemelex Xobeh
Okawaru
Ru
Sif Muna
Vehumet
Xom
Yredelemnul
Zin
The Shining One


Innate Abilities, Weirdness & Mutations

You are resistant to damage.
You can heal yourself by infusing magical energy.
You passively map a small area around you.
You do not regenerate.


Message History

Your leather armour prevents you from hitting the hungry ghost.
The hungry ghost closely misses you.
You hit the hungry ghost.
The hungry ghost stops glowing.
The hungry ghost hits you.
You are starving!
You closely miss the hungry ghost. The hungry ghost hits you.
You feel somewhat more hungry.
You eat one of the 2 rations.
That ration really hit the spot!
The hungry ghost hits you.
You feel a lot more hungry.
Aim: a hungry ghost (almost destroyed, chance to defeat MR: 28%)
The hungry ghost is outlined in light.
The hungry ghost hits you.
You are feeling hungry.
You now have 3/5 mp.
You hit the hungry ghost.
You destroy the hungry ghost!
Makhleb accepts your kill.
Your Crossbows skill increases to level 6!
You barely miss the jackal. The jackal barely misses you.
You hit the jackal but do no damage.
The jackal bites you but does no damage.
The jackal closely misses you.
You barely miss the jackal.
The jackal bites you but does no damage.
The jackal barely misses you.
You hit the jackal. The jackal closely misses you. The jackal bites you.
* * * LOW HITPOINT WARNING * * *
You take 1 damage, and have 10/50 hp.
You hit the jackal.
You kill the jackal!
Makhleb accepts your kill. The jackal closely misses you.
You barely miss the jackal.
The jackal bites you but does no damage.
The jackal barely misses you.
You hit the jackal.
The jackal bites you but does no damage. x2
You closely miss the jackal.
The jackal bites you but does no damage.
You barely miss the jackal. The jackal barely misses you.
The jackal bites you but does no damage.
You closely miss the jackal. The jackal closely misses you.
The jackal bites you but does no damage.
You hit the jackal. The jackal bites you.
The jackal bites you but does no damage.
You closely miss the jackal. The jackal misses you.
The jackal bites you but does no damage.
You closely miss the jackal.
The jackal bites you but does no damage.
The jackal closely misses you.
You hit the jackal.
You kill the jackal!
Makhleb accepts your kill.
You see here a jackal corpse.
MP restored: 5
There is an open door here.
The ice beast hits you but does no damage.
Your magical essence is drained by the effort!
You feel much better.
The ice beast hits you but does no damage.
You regained 29 hp, and now have 39/50 hp.
You now have 4/4 mp.
You barely miss the ice beast.
The ice beast hits you but does no damage.
You barely miss the ice beast. The ice beast hits you.
The ice beast freezes you! The ice beast barely misses you.
You take 7 damage, and have 32/50 hp.
You hit the ice beast but do no damage. The ice beast hits you.
The ice beast freezes you!
You take 13 damage, and have 19/50 hp.
MASSIVE DAMAGE!!
You hit the ice beast but do no damage.
The ice beast hits you but does no damage.
You hit the ice beast. The ice beast hits you. The ice beast freezes you!
* * * LOW HITPOINT WARNING * * *
The ice beast hits you. The ice beast freezes you!
* * * LOW HITPOINT WARNING * * *
You take 15 damage, and have 4/50 hp.
MASSIVE DAMAGE!!
You feel much better. The ice beast closely misses you.
You regained 27 hp, and now have 31/50 hp.
You hit the ice beast but do no damage.
The river rat bites you but does no damage.
The ice beast barely misses you.
You hit the ice beast but do no damage.
You hear the steady creaking of a very distant portcullis.
The river rat barely misses you. The ice beast misses you.
The river rat barely misses you.
You hit the ice beast but do no damage. The ice beast closely misses you.
The river rat bites you!
You take 7 damage, and have 24/50 hp.
You hit the ice beast but do no damage. The ice beast hits you.
The ice beast freezes you! The river rat closely misses you.
The ice beast barely misses you.
You take 8 damage, and have 16/50 hp.
You hit the ice beast but do no damage. The river rat bites you.
The ice beast hits you. The ice beast freezes you.
* * * LOW HITPOINT WARNING * * *
The river rat bites you.
You take 4 damage, and have 12/50 hp.
You fail to use your ability.
The ice beast hits you. The ice beast freezes you!
You die...

♣..♣.♣
♣♣§♣.§.##
###...## ♣.†PP♣
♣§§P....#
##...# P...♣♣
♣P♣#.#†## #...#
#P♣.♣ ♣ #.Y#W#
#...# .# ♣.♣
#.##(# ##..## [
).. ......
#...# #
######..#..#
#...# *
..#..########
##..# *..
#..r@..##.#
#..##
...*#....Y.##†#
#.## #..
#......'..# #.#
#......####
###** ,,*
#......# ,, *
#......# , , *
########** * '
* ,,* ** ,,


You could see an ice beast and a river rat.

Vanquished Creatures
  A hungry ghost (D:7)
  A howler monkey (D:3)
  A hound (D:7)
  An orc priest (D:4)
  4 orc wizards
  5 adders
  A river rat (D:7)
  An ooze (D:2)
  2 worms
  2 dart slugs
  2 leopard geckos (D:1)
  10 orcs
  3 giant cockroaches (D:1)
  8 goblins
  5 hobgoblins
  12 jackals
  2 kobolds
  2 quokkas (D:4)
  3 ball pythons
  5 bats
  4 frilled lizards
  A jackal zombie (D:3)
  5 rats
81 creatures vanquished.

Vanquished Creatures (others)
  2 plants (D:7)
2 creatures vanquished.

Grand Total: 83 creatures vanquished

Notes
Turn   | Place    | Note
-------+----------+-------------------------------------------
     0 | D:1      | Irenicus the Deep Dwarf Arcane Marksman began the quest for
                  | the Orb.
     0 | D:1      | Reached XP level 1. HP: 16/16 MP: 2/2
   173 | D:1      | Reached XP level 2. HP: 24/24 MP: 0/3
   267 | D:1      | Reached skill level 3 in Crossbows
   293 | D:1      | Reached skill level 3 in Hexes
   676 | D:1      | Reached XP level 3. HP: 21/30 MP: 2/4
   870 | D:2      | Learned a level 3 spell: Portal Projectile
   953 | D:2      | Found a radiant altar of Vehumet.
  1223 | D:2      | Found a hazy altar of Hepliaklqana.
  1399 | D:3      | Reached skill level 1 in Translocations
  1622 | D:3      | Reached XP level 4. HP: 17/37 MP: 5/5
  1765 | D:3      | Found a shadowy altar of Dithmenos.
  1767 | D:3      | Found an iron altar of Okawaru.
  1899 | D:3      | Reached skill level 4 in Crossbows
  1915 | D:3      | HP: 5/37 [orc wizard/puff of flame (7)]
  1966 | D:3      | HP: 8/37 [something/magic dart (2)]
  1971 | D:3      | Reached skill level 2 in Translocations
  2209 | D:4      | Reached XP level 5. HP: 32/43 MP: 2/5
  2234 | D:4      | Reached skill level 3 in Translocations
  2239 | D:4      | HP: 10/43 [orc/short sword (2)]
  2248 | D:4      | HP: 9/43 [orc wizard/magic dart (6)]
  2260 | D:4      | HP: 10/43 [orc/short sword (6)]
  2287 | D:4      | HP: 9/43 [orc wizard/dagger (4)]
  2300 | D:4      | HP: 9/43 [something/puff of frost (12)]
  2320 | D:4      | Reached skill level 5 in Crossbows
  2324 | D:4      | Noticed an ogre
  2387 | D:4      | Found a staircase to the Ecumenical Temple.
  2395 | Temple   | Entered the Ecumenical Temple
  2455 | Temple   | HP: 9/43 [orc wizard/magic dart (4)]
  2460 | Temple   | Reached XP level 6. HP: 26/50 MP: 1/6
  2486 | Temple   | Became a worshipper of Makhleb the Destroyer
  2569 | D:4      | HP: 12/50 [orc/flail (4)]
  2681 | D:4      | You fall through a shaft for 3 floors!
  2698 | D:7      | HP: 9/50 [river rat (6)]
  2700 | D:7      | Reached skill level 4 in Translocations
  2725 | D:7      | HP: 4/50 [gnoll/halberd (10)]
  2747 | D:7      | Noticed a hungry ghost
  2846 | D:7      | Noticed an ice beast
  2868 | D:7      | HP: 12/50 [hound (3)]
  2913 | D:7      | HP: 12/50 [hungry ghost (2)]
  2949 | D:7      | HP: 11/50 [hungry ghost (1)]
  2961 | D:7      | Killed a hungry ghost
  2961 | D:7      | Reached skill level 6 in Crossbows
  2965 | D:7      | HP: 10/50 [jackal (1)]
  2988 | D:7      | HP: 10/50 [ice beast (9)]
  2988 | D:7      | HP: 4/50 [ice beast (6)]
  2994 | D:7      | HP: 12/50 [ice beast (4)]
  2995 | D:7      | Slain by an ice beast

Skill      XL: |  1  2  3  4  5  6 |
---------------+-------------------+-----
Crossbows      | 3 4 5 6 |  6.1
Hexes          | 3 |  3.0
Translocations | 1 2 3 4 |  4.8
Fighting       | |  0.8
Dodging        | |  2.1
Spellcasting   | |  1.0

Action                   |  1- 3 |  4- 6 || total
-------------------------+-------+-------++-------
Melee: Club              |       |   377 ||   377
 Fire: Hand crossbow     |   126 |    45 ||   171
Throw: Stone             |       |     1 ||     1
 Cast: Corona            |    16 |    38 ||    54
       Portal Projectile |     2 |     2 ||     4
 Abil: Heal Wounds       |       |    18 ||    18
  Use: Scroll            |     1 |    10 ||    11
       Potion            |       |     3 ||     3
 Stab: Sleeping          |       |     1 ||     1
  Eat: Chunk             |     2 |     3 ||     5
       Ration            |       |    10 ||    10
Armor: Robe              |    12 |       ||    12
       Leather armour    |    12 |   259 ||   271
       Skin              |     1 |       ||     1
Dodge: Dodged            |    45 |   442 ||   487

Vault maps used:
D:1:      dpeg_arrival_solitude, minmay_vboxes
D:2:      marbit_many_paths, lemuel_round_altar, minmay_pentomino_r2
D:3:      chequers_temple_overflow_statue_of_worship
D:4:      kennysheep_mini, lemuel_coloured_pillars_altar,
          minmay_temple_entry_grid, first_ration
D:7:      wad_woods_stonehenge, enter_bailey_3, serial_shops,
          kennysheep_mini_moat, serial_curves, eino_curves_04, eino_curves_03,
          eino_curves_04, grunt_livestock, xom_redecorated, uniq_joseph
Temple:   dshaligram_water_room_temple

Table legend:
 A = Turns spent in this place as a percentage of turns spent in the entire game.
 B = Non-inter-level travel turns spent in this place as a percentage of non-inter-level travel turns spent in the entire game.
 C = Inter-level travel turns spent in this place as a percentage of turns spent in this place.
 D = Turns resting spent in this place as a percentage of non-inter-level travel turns spent in this place.
 E = Turns spent auto-exploring this place as a percentage of non-inter-level travel turns spent in this place.
 F = Non-inter-level travel turns spent in this place divided by the number of levels of this place that you've seen.
                   A       B       C       D       E      F
               +-------+-------+-------+-------+-------+----------------------
         Total | 100.0 | 100.0 |   1.7 |   0.0 |   0.0 | 490.7
       Dungeon |  96.4 |  96.3 |   1.8 |   0.0 |   0.0 | 567.2
        Temple |   3.6 |   3.7 |   0.0 |   0.0 |   0.0 | 108.0
               +-------+-------+-------+-------+-------+----------------------

Table legend:
 A = Kills in this place as a percentage of kills in entire the game.
 B = Kills by you in this place as a percentage of kills by you in the entire game.
 C = Kills by friends in this place as a percentage of kills by friends in the entire game.
 D = Other kills in this place as a percentage of other kills in the entire game.
 E = Experience gained in this place as a percentage of experience gained in the entire game.
 F = Experience gained in this place divided by the number of levels of this place that you have seen.
                   A       B       C       D       E      F
               +-------+-------+-------+-------+-------+----------------------
         Total | 100.0 | 100.0 |   N/A |   N/A | 100.0 | 118.0
       Dungeon |  98.8 |  98.8 |   N/A |   N/A |  94.4 | 133.6
        Temple |   1.2 |   1.2 |   N/A |   N/A |   5.6 |  40.0
               +-------+-------+-------+-------+-------+----------------------
